Map: Hielo y cromo EJ

Players

Leavage - Winner!

  • Race: Terran Terran
  • League: Platinum
  • Spawn Location: 1:00

TNAK

  • Race: Zerg Zerg
  • League: Gold
  • Spawn Location: 7:00

VOD

Have the link to the VOD?

Description

Time

  • Played on: Aug. 8, 2020, 5:43 p.m.
  • Length: 16:20
Show
View Real Time Build Order
Export as new Build Order

Leavage Terran - Winner!

Build Orders: Reaper Expand, Hellion Banshee 

Get SALT Encoding   

  12  0:01  SCV  
  13  0:13  SCV  
  14  0:17  Supply Depot  
  14  0:25  SCV  
  15  0:40  Barracks  
  15  0:44  SCV, Refinery  
  16  0:56  SCV  
  17  1:08  SCV  
  18  1:20  SCV  
  19  1:28  Reaper  
  19  1:32  Orbital Command  
  20  1:43  Command Center  
  20  1:52  Supply Depot  
  20  1:58  SCV  
  20  2:00  Marine  
  22  2:11  SCV, Factory  
  23  2:26  Barracks Reactor  
  23  2:29  SCV  
  24  2:41  SCV, Refinery  
  25  2:53  SCV  
  25  2:56  Orbital Command  
  26  3:04  Starport  
  26  3:11  SCV  
  27  3:21  Bunker  
  27  3:23  Hellion x2, SCV  
  27  3:26  Barracks Tech Lab  
  32  3:27  SCV  
  34  3:41  SCV x2  
  34  3:44  Hellion  
  34  3:45  Hellion  
  39  3:57  Supply Depot  
  39  3:58  SCV x2  
  41  4:06  Hellion x2  
  44  4:10  SCV  
  44  4:13  SCV  
  44  4:16  Cloaking Field  
  46  4:18  Banshee  
  46  4:20  Supply Depot  
  46  4:23  SCV  
  50  4:25  SCV  
  50  4:27  Marine, Hellion  
  54  4:39  Supply Depot  
  54  4:42  Hellion, SCV x2  
  58  4:49  Hellion  
  60  4:53  Supply Depot  
  60  4:54  SCV x2  
  60  4:56  Armory  
  60  4:59  Barracks Tech Lab  
  62  5:03  Hellion  
  62  5:06  SCV x2  
  66  5:07  Refinery  
  66  5:10  Hellion, Refinery  
  68  5:18  SCV  
  69  5:28  SCV  
  70  5:30  SCV  
  71  5:39  Banshee  
  71  5:40  SCV  
  75  5:43  Command Center  
  75  5:47  SCV  
  76  5:51  Barracks x2  
  76  5:52  SCV  
  76  5:54  Stimpack  
  76  5:55  Marine  
  78  5:57  Factory Tech Lab  
  78  6:00  SCV  
  78  6:04  Supply Depot, SCV  
  77  6:05  Supply Depot  
  78  6:13  Marine  
  73  6:28  SCV x2  
  73  6:31  Marine  
  73  6:32  Siege Tank  
  77  6:33  Banshee  
  74  6:52  SCV  
  74  6:53  SCV  
  76  7:13  Barracks Reactor  
  76  7:15  SCV x2  
  74  7:28  SCV x2  
  76  7:31  Marine x3  
  79  7:37  Siege Tank  
  79  7:43  Starport Reactor  
  82  7:49  Marine  
  82  7:50  Barracks  
  82  7:51  SCV x2, Barracks  
  84  7:53  Barracks  
  84  7:56  Marine x2  
  84  7:57  Marine x2  
  89  7:58  Combat Shield  
  89  8:04  Terran Vehicle Weapons Level 1, Engineering Bay, Command Center  
  89  8:06  Marine  
  89  8:10  Engineering Bay, SCV x2  
  92  8:14  Orbital Command  
  92  8:21  Marine x3  
  92  8:22  Marine  
  92  8:24  Marine  
  97  8:27  Viking  
  97  8:28  Medivac, Refinery  
  97  8:29  SCV  
  97  8:30  Siege Tank  
  97  8:31  Refinery  
  105  8:36  SCV  
  105  8:37  Terran Infantry Weapons Level 1, Terran Infantry Armor Level 1  
  105  8:39  Marine x2, Missile Turret  
  108  8:41  Missile Turret  
  108  8:44  SCV x2  
  108  8:47  Missile Turret  
  110  8:50  Missile Turret x2  
  110  8:52  SCV  
  110  8:53  Marine x2  
  114  8:56  SCV  
  114  9:00  Barracks Reactor x2  
  114  9:04  Marine x2  
  114  9:06  Barracks Reactor  
  114  9:07  Marine  
  117  9:16  Supply Depot, Siege Tank, SCV  
  121  9:17  Supply Depot  
  121  9:18  SCV x2  
  121  9:19  Supply Depot, Planetary Fortress  
  121  9:24  Marine x4, Missile Turret  
  123  9:25  Marine  
  123  9:28  SCV  
  129  9:33  SCV x2  
  131  9:42  Marine x2  
  133  9:46  SCV x3  
  133  9:49  Marine x9  
  145  9:58  SCV  
  145  9:59  Marine  
  146  10:00  Marine  
  146  10:01  SCV x3  
  146  10:07  Marine x3  
  154  10:17  Marine, Missile Turret  
  154  10:18  Marine x3  
  154  10:19  Marine x2  
  154  10:20  Missile Turret  
  160  10:22  Terran Vehicle Weapons Level 2, Medivac x2  
  160  10:25  Siege Tank  
  164  10:32  Supply Depot  
  164  10:35  Supply Depot  
  164  10:52  Marine x8  
  164  10:53  Marine x3  
  175  11:04  Refinery  
  175  11:06  Refinery  
  175  11:11  Marine x2  
  175  11:12  Marine x5, Terran Infantry Armor Level 2, Terran Infantry Weapons Level 2  
  175  11:13  Marine x3  
  175  11:14  Marine  
  186  11:29  Marine x2  
  185  11:54  Marine x3  
  188  12:04  Marine  
  188  12:07  Marine x2  
  188  12:43  Marine  
  188  12:44  Marine  
  188  12:46  Marine x3  
  188  12:47  Marine  
  188  12:49  Marine  
  188  12:50  Marine  
  188  12:53  Marine  
  188  13:03  Factory  
  188  13:05  Marine x4  
  188  13:06  Marine x4, Medivac, Siege Tank  
  188  13:07  Medivac  
  182  13:34  Marine x9  
  188  13:42  Marine  
  188  14:07  Factory Tech Lab  
  188  14:30  Marine x3, Medivac  
  188  14:31  Marine x4, Medivac  
  188  14:32  Marine x2  
  188  14:33  Marine x2  
  188  14:35  Siege Tank  
  181  14:42  Siege Tank  
  184  14:47  Factory  
  184  14:48  Marine x4  
  184  14:49  Marine, Factory  
  184  14:50  Marine  
  188  14:53  Marine  
  188  15:00  Marine x2  
  188  15:01  Marine  
  188  15:03  Marine  
  188  15:06  Marine x4  
  187  15:07  Marine  
  187  15:08  Marine  
  188  15:30  Marine  
  188  15:32  Marine x2  
  188  15:33  Marine  
  188  15:34  Marine x2  
  188  15:35  Marine  
  188  15:42  Marine  
  188  15:53  Marine x2  
Show
View Real Time Build Order
Export as new Build Order

TNAK Zerg 

Build Orders: Hatch First 

Get SALT Encoding   

  12  0:04  Drone  
  13  0:12  Drone  
  14  0:17  Overlord  
  14  0:32  Overlord  
  14  0:41  Drone x2  
  16  0:52  Drone  
  17  1:04  Drone, Hatchery  
  17  1:31  Drone x3  
  20  1:41  Spawning Pool  
  20  1:44  Drone  
  20  1:50  Hatchery  
  19  1:54  Drone  
  20  2:02  Extractor  
  20  2:08  Drone  
  20  2:19  Drone  
  21  2:24  Drone  
  21  2:28  Queen  
  21  2:29  Queen  
  24  2:30  Drone  
  27  2:37  Spine Crawler  
  25  2:48  Drone x3  
  27  2:53  Extractor  
  26  3:03  Overlord  
  26  3:05  Queen  
  26  3:09  Spore Crawler  
  28  3:12  Drone  
  28  3:13  Drone  
  28  3:16  Queen  
  31  3:29  Drone x2  
  33  3:35  Drone  
  33  3:36  Spore Crawler  
  33  3:39  Queen  
  35  3:44  Drone  
  35  3:47  Drone  
  37  3:50  Drone  
  37  3:53  Drone  
  39  3:59  Pneumatized Carapace  
  39  4:12  Lair  
  39  4:20  Drone x3  
  39  4:21  Overlord  
  42  4:26  Spore Crawler  
  42  4:27  Extractor  
  42  4:29  Spore Crawler  
  40  4:31  Drone x2  
  41  4:39  Drone x3  
  44  4:53  Drone x3  
  44  4:56  Drone x4  
  44  4:57  Drone  
  52  5:01  Drone x2  
  52  5:02  Drone  
  52  5:05  Overlord  
  55  5:08  Drone  
  55  5:12  Extractor  
  55  5:26  Extractor, Drone x2  
  56  5:30  Drone  
  56  5:31  Drone x2  
  56  5:34  Drone x4  
  63  5:51  Spine Crawler  
  63  5:52  Spine Crawler  
  61  5:58  Spine Crawler  
  60  6:10  Zergling x2  
  54  6:22  Zergling x2  
  36  6:27  Drone x9  
  36  6:28  Drone x2  
  42  6:52  Drone x5  
  42  6:53  Drone  
  47  7:01  Drone, Queen  
  47  7:02  Extractor  
  47  7:03  Drone x2  
  51  7:18  Drone x4  
  55  7:31  Spore Crawler  
  55  7:33  Queen  
  55  7:34  Drone x2  
  55  7:35  Drone x3  
  61  7:37  Queen  
  61  7:38  Drone  
  64  7:49  Drone  
  64  7:50  Spine Crawler  
  64  7:51  Spine Crawler x3, Drone  
  62  7:52  Drone  
  62  7:53  Spine Crawler, Overlord  
  62  7:54  Overlord  
  62  8:03  Drone  
  63  8:09  Baneling Nest, Queen  
  63  8:11  Drone  
  63  8:12  Drone x4, Evolution Chamber x2  
  67  8:13  Spire  
  67  8:17  Drone  
  67  8:19  Drone x2  
  69  8:30  Drone x6  
  75  8:39  Drone  
  75  8:40  Drone  
  77  8:42  Spine Crawler  
  77  8:43  Drone  
  77  8:47  Drone  
  78  8:51  Zerg Ground Armor Level 1  
  78  8:52  Zerg Melee Weapons Level 1  
  78  8:53  Drone x3  
  78  8:54  Overlord x2  
  81  9:19  Drone x5  
  81  9:22  Drone x7  
  93  9:28  Zergling x6  
  93  9:29  Spore Crawler  
  95  9:33  Overlord x2  
  95  9:34  Overlord  
  95  9:38  Extractor  
  95  9:39  Hatchery  
  95  9:45  Overlord x3  
  93  9:49  Overseer x3  
  91  9:56  Spore Crawler  
  91  9:59  Spore Crawler  
  87  10:02  Spore Crawler  
  87  10:04  Drone x8  
  87  10:05  Drone  
  93  10:26  Overlord, Zergling x10  
  93  10:27  Zergling x6  
  100  10:31  Overseer x2  
  100  10:34  Overseer  
  100  10:37  Corruptor x3  
  106  10:45  Drone x5  
  111  11:06  Extractor, Corruptor x3  
  111  11:07  Overlord x2, Drone x3  
  111  11:08  Drone x2  
  111  11:09  Centrifical Hooks  
  121  11:11  Zerg Ground Armor Level 2  
  121  11:12  Zerg Melee Weapons Level 2  
  121  11:14  Corruptor  
  121  11:15  Drone x2, Zergling x4  
  121  11:17  Baneling x4  
  127  11:22  Drone x4  
  127  11:23  Drone x2  
  133  11:30  Baneling x8  
  133  11:38  Zergling x2  
  132  11:42  Baneling x6  
  132  11:43  Baneling x6  
  132  11:45  Zergling x10  
  137  11:49  Overlord x2, Zergling x2  
  137  11:50  Mutalisk x2, Zergling x4  
  123  12:10  Zergling x2  
  123  12:11  Zergling x14  
  128  12:17  Baneling x6  
  128  12:18  Baneling x8  
  128  12:25  Mutalisk x6  
  136  12:38  Zergling x6  
  136  12:39  Baneling x3  
  136  12:40  Baneling x7  
  138  12:45  Mutalisk  
  138  12:46  Metabolic Boost  
  138  12:51  Mutalisk x2  
  139  12:56  Mutalisk  
  139  12:57  Extractor x2, Zergling x2  
  144  12:59  Baneling x4  
  144  13:00  Hatchery  
  123  13:13  Zergling x2  
  123  13:14  Zergling x8  
  123  13:17  Zergling x4  
  125  13:29  Zergling x2  
  118  13:46  Baneling x4  
  118  13:47  Baneling x2  
  113  13:49  Baneling x2, Hatchery  
  113  13:50  Zergling x12  
  113  13:54  Extractor, Baneling Nest  
  112  13:57  Spawning Pool  
  105  14:07  Mutalisk x4  
  105  14:09  Baneling x4  
  111  14:10  Baneling x2  
  111  14:15  Mutalisk  
  111  14:16  Mutalisk  
  105  14:20  Queen  
  92  14:41  Zergling x12  
  98  14:55  Zergling x6  
  69  15:09  Zergling x8  
  70  15:15  Zergling x8  
  70  15:20  Baneling x4  
  73  15:23  Zergling x6  
  73  15:24  Zergling x2  
  73  15:25  Zergling x4  
  73  15:27  Zergling x2  
  80  15:35  Zergling x4  
  75  15:36  Baneling x2  
  75  15:40  Mutalisk  
  77  15:43  Baneling x8  
  74  15:53  Zergling x6  
  75  15:58  Baneling  
  75  15:59  Baneling x3  
Tags
 
Add a new tag
Caveats
  • Supply blocks, unpowered buildings, or Contaminate may cause inaccurate times.
  • Supply counts are checked every 10 seconds.